 Dungeon Crawl Stone Soup version 0.30-a0-358-g0d69a1922f (webtiles) character file.

Game seed: 2630161173026942564

23 zermelo the Conjurer (level 2, 0/15 HPs)
             Began as a Deep Elf Conjurer on Nov 10, 2022.
             Slain by a goblin
             ... wielding a +0 club
              (3 damage)
             ... on level 2 of the Dungeon.
             The game lasted 00:17:29 (1506 turns).

zermelo the Conjurer (Deep Elf Conjurer)            Turns: 1506, Time: 00:17:30

Health: 0/15       AC:  2    Str:  4    XL:     2   Next: 72%
Magic:  7/8        EV: 12    Int: 22    God:
Gold:   47         SH:  0    Dex: 13    Spells: 6/7 levels left

rFire   . . .      SeeInvis .    (no weapon)
rCold   . . .      Faith    .    (no shield)
rNeg    . . .      Spirit   .    a - +0 robe
rPois   .          Reflect  .    (no helmet)
rElec   .          Harm     .    (no cloak)
rCorr   .          Rampage  .    (no gloves)
Will    .....                    (no boots)
Stlth   ++........               (no amulet)
HPRegen 0.22/turn                (no ring)
MPRegen 0.11/turn                (no ring)

@: no status effects
A: no striking features
a: no special abilities


You were on level 2 of the Dungeon.
You visited 1 branch of the dungeon, and saw 2 of its levels.

You collected 47 gold pieces.

Inventory:

Hand Weapons
 d - a +0 whip
 e - a +0 sling
 f - a +0 dagger
 k - a +0 short sword
 n - a +0 club
Missiles
 l - a stone
 p - 4 poisoned darts
Armour
 a - a +0 robe (worn)
 c - a +0 leather armour
Scrolls
 g - a scroll of immolation {unknown}
 h - a scroll of teleportation {unknown}
 j - 2 scrolls of blinking {unknown}
 o - a scroll of identify {unknown}
Potions
 b - a potion of magic
 i - a potion of curing {unknown}
 m - a potion of brilliance {unknown}


   Skills:
 + Level 2.5 Dodging
 + Level 2.5 Stealth
 + Level 3.2 Spellcasting
 + Level 5.1 Conjurations


You had 6 spell levels left.
You knew the following spells:

 Your Spells              Type           Power      Damage    Failure   Level
a - Magic Dart            Conj           100%       1d8       1%          1

Your spell library contained the following spells:

 Spells                   Type           Power      Damage    Failure   Level
 Searing Ray              Conj           52%        2d6       2%          2
 Freeze                   Ice            12%        1d3       12%         1
 Dazzling Flash           Conj/Hex       28%        N/A       13%         3
 Hailstorm                Conj/Ice       14%        3d5       13%         3
 Frozen Ramparts          Ice            6%         1d1       36%         3
 Fulminant Prism          Conj/Hex       7%         3d6       38%         4
 Iskenderun's Mystic Bla  Conj/Tloc      14%        2d5       38%         4


Dungeon Overview and Level Annotations

Branches:
Dungeon (2/15)

Altars:


Message History

You kill the adder!
Your Conjurations skill increases to level 5!
Unknown command.
A frilled lizard comes into view.
The frilled lizard hisses angrily.
Really attack while wielding nothing? [Y]es or [N]o only, please.
Really attack while wielding nothing?
You hit the frilled lizard but do no damage.
The frilled lizard barely misses you.
You hit the frilled lizard but do no damage.
The frilled lizard bites you but does no damage.
The frilled lizard barely misses you. The frilled lizard bites you.
You hit the frilled lizard.
The frilled lizard is heavily wounded.
The frilled lizard closely misses you. The frilled lizard misses you.
The frilled lizard closely misses you. The frilled lizard barely misses you.
The frilled lizard attacks as you move away!
The frilled lizard barely misses you.
A goblin comes into view. It is wielding a +0 club.
Found a long sword and 7 gold pieces.
The goblin shouts!
The goblin closely misses you. The frilled lizard barely misses you.
You hit the goblin but do no damage. The frilled lizard bites you.
The goblin closely misses you.
You barely miss the goblin. The frilled lizard bites you.
The goblin hits you with a +0 club.
You barely miss the goblin. The goblin barely misses you.
The frilled lizard bites you.
You hit the goblin but do no damage. The goblin hits you with a +0 club.
* * * LOW HITPOINT WARNING * * *
The frilled lizard bites you.
* * * LOW HITPOINT WARNING * * *
You barely miss the goblin. The frilled lizard bites you.
* * * LOW HITPOINT WARNING * * *
The goblin hits you with a +0 club.
You die...

#..#. #....#... #....
#....... #....## #.
#.#..... ##....$#
#.##### ##....
#....... ..... #.#..
#.....# #..#####.##.
#<...†#####........##.
#.....l..##........###
#####@##:##........#
#g##.#.........#
#.##..............
#)##...........###
#.#####.###.#### #.#
### #.# #.# #.# #.#
... .#.


You could see a goblin and a frilled lizard.

Vanquished Creatures
  An adder (D:2)
  2 ball pythons (D:1)
  An endoplasm (D:1)
  2 hobgoblins
  2 quokkas (D:1)
  A bat (D:1)
  2 kobolds (D:1)
  2 rats (D:1)
13 creatures vanquished.

Notes
Turn   | Place    | Note
-------+----------+-------------------------------------------
     0 | D:1      | zermelo the Deep Elf Conjurer began the quest for the Orb.
     0 | D:1      | Reached XP level 1. HP: 10/10 MP: 6/6
   576 | D:1      | Reached XP level 2. HP: 15/15 MP: 6/8
  1488 | D:2      | Reached skill level 5 in Conjurations
  1506 | D:2      | Slain by a goblin

Illustrated notes

Levels and vault maps discovered:
D:1:      wheals_arrival_linesprint, layout_basic, grunt_decor_cap
D:2:      layout_loops_ring, hellmonk_ecumenical_altar_watching_god,
          minmay_tromino_v7, uniq_natasha

Skill      XL: |  1  2 |
---------------+-------+-----
Conjurations   | 5 |  5.1
Dodging        | |  2.5
Stealth        | |  2.5
Spellcasting   | |  3.2

Action                   || total
-------------------------++-------
Melee: Unarmed           ||     8
 Cast: Magic Dart        ||    19
  Use: Scroll            ||     1
Armor: Robe              ||     1
Dodge: Dodged            ||    13

Table legend: (Time is in decaauts)
 A = Elapsed time spent in this place.
 B = Non-inter-level travel time spent in this place.
 C = Inter-level travel time spent in this place.
 D = Time resting spent in this place.
 E = Time spent auto-exploring this place.
 F = Levels seen in this place.
 G = Mean time per level.
                   A        B        C        D        E       F      G
               +--------+--------+--------+--------+--------+-----+--------+
         Total |   1505 |   1505 |      0 |      0 |      0 |   2 |  752.5 |
       Dungeon |   1505 |   1505 |      0 |      0 |      0 |   2 |  752.5 |
               +--------+--------+--------+--------+--------+-----+--------+

Top non-repeatable levels by time:
     D:1: 1409 daAuts
     D:2: 96 daAuts
